Map: Dusk Towers

Players

BadEnemaRap - Winner!

  • Race: Zerg Zerg
  • League: Grandmaster

xKawaiian

  • Race: Terran Terran
  • League: Master

VOD

Have the link to the VOD?

Description

Time

  • Played on: Jan. 11, 2016, 12:41 a.m.
  • Length: 14:55
Show
View Real Time Build Order
Export as new Build Order

BadEnemaRap Zerg - Winner!

Build Orders: Hatch First 

Get SALT Encoding   

  12  0:01  Drone  
  13  0:14  Overlord  
  13  0:19  Drone  
  14  0:32  Drone x2  
  16  0:50  Hatchery  
  16  0:52  Drone  
  16  0:55  Drone  
  17  1:09  Spawning Pool  
  16  1:12  Drone  
  16  1:14  Extractor  
  16  1:17  Drone  
  17  1:21  Drone  
  18  1:29  Drone  
  19  1:43  Overlord  
  19  1:56  Queen  
  19  1:59  Zergling x2  
  22  2:02  Queen, Zergling x2  
  22  2:06  Drone  
  26  2:13  Drone x2  
  28  2:28  Drone x2  
  30  2:35  Spore Crawler  
  29  2:42  Spore Crawler  
  29  2:43  Queen  
  29  2:44  Queen  
  31  2:49  Overlord  
  34  2:51  Drone x2  
  36  2:59  Overlord  
  36  3:12  Drone  
  37  3:13  Drone x7  
  37  3:17  Extractor  
  37  3:19  Drone, Pneumatized Carapace  
  44  3:32  Roach Warren, Queen  
  46  3:44  Roach Warren, Overlord  
  45  3:52  Overlord  
  45  3:56  Overlord  
  45  4:02  Queen  
  47  4:08  Evolution Chamber  
  46  4:26  Roach x9  
  64  4:33  Roach  
  66  4:42  Roach x5  
  76  4:47  Overlord  
  76  4:58  Overlord  
  76  5:11  Roach x4  
  76  5:12  Overlord  
  84  5:33  Roach x6  
  95  5:48  Roach  
  95  5:49  Roach  
  88  5:59  Roach  
  88  6:00  Roach x5  
  82  6:10  Hatchery  
  79  6:12  Roach x2  
  79  6:21  Lair  
  77  6:32  Roach x3  
  83  6:34  Drone  
  83  6:35  Drone x4  
  83  6:38  Extractor  
  87  6:58  Roach x5  
  95  7:09  Drone  
  95  7:13  Drone x6  
  100  7:23  Overlord  
  100  7:27  Glial Reconstitution  
  100  7:29  Drone x4  
  104  7:31  Zerg Missile Weapons Level 1  
  105  7:37  Drone x2  
  106  7:47  Overlord  
  106  7:48  Drone x5, Queen  
  113  7:56  Drone  
  113  7:57  Overlord  
  114  8:05  Overlord  
  114  8:06  Overlord  
  114  8:08  Drone x4, Extractor  
  114  8:09  Drone x2  
  114  8:12  Drone  
  120  8:14  Extractor x2  
  113  8:30  Queen  
  115  8:38  Roach x11  
  131  8:50  Roach x3  
  137  8:58  Drone x2  
  137  9:00  Overlord x3  
  138  9:25  Drone x4  
  138  9:26  Ravager x9, Hydralisk Den  
  138  9:27  Ravager  
  151  9:42  Hatchery, Queen  
  151  9:44  Zerg Missile Weapons Level 2  
  146  9:47  Overlord x4  
  146  9:58  Muscular Augments  
  146  10:06  Overlord  
  146  10:08  Hydralisk x4  
  154  10:21  Roach x6  
  164  10:35  Hydralisk  
  164  10:36  Hydralisk x4  
  147  10:50  Roach x2  
  147  10:51  Roach x5  
  136  11:01  Hydralisk x4  
  140  11:06  Queen  
  138  11:16  Ravager x5  
  138  11:17  Hydralisk x2  
  147  11:21  Roach x2  
  147  11:24  Roach x2  
  155  11:26  Roach  
  155  11:28  Roach  
  155  11:31  Roach  
  161  11:33  Roach  
  161  11:35  Roach  
  153  11:47  Roach x5  
  161  11:55  Roach x4  
  161  12:00  Drone x4  
  173  12:05  Zerg Ground Armor Level 1  
  173  12:23  Roach x5  
  173  12:26  Ravager  
  173  12:27  Overlord x2  
  184  12:30  Overlord  
  176  12:43  Lair  
  174  12:52  Roach x9  
  192  13:03  Drone x2  
  192  13:04  Overlord  
  194  13:35  Hydralisk x3  
  200  13:47  Overlord  
  200  14:08  Roach x8  
  188  14:19  Roach  
  188  14:20  Roach x4  
  174  14:27  Roach x3  
Show
View Real Time Build Order
Export as new Build Order

xKawaiian Terran 

Build Orders: Reaper Expand, MMM Bio 

Get SALT Encoding   

  12  0:01  SCV  
  13  0:13  SCV  
  14  0:17  Supply Depot  
  14  0:25  SCV  
  15  0:39  SCV  
  15  0:42  Barracks  
  16  0:47  Refinery  
  16  0:51  SCV  
  17  1:03  SCV  
  18  1:15  SCV  
  19  1:28  Orbital Command  
  19  1:32  Reaper  
  20  1:41  Command Center  
  20  1:52  Supply Depot  
  20  1:54  SCV  
  21  2:05  Barracks Reactor  
  21  2:06  SCV  
  21  2:08  Barracks  
  22  2:19  SCV, Barracks  
  23  2:31  SCV  
  24  2:43  SCV, Marine x2  
  27  2:54  Orbital Command  
  27  2:55  SCV  
  27  2:56  Barracks Tech Lab  
  28  3:01  Marine x2  
  28  3:03  Factory  
  28  3:05  Refinery  
  30  3:06  Marine  
  30  3:07  SCV  
  32  3:16  Stimpack  
  32  3:19  Marine x2  
  34  3:20  SCV  
  34  3:21  SCV  
  34  3:23  Marine  
  34  3:25  Marine  
  38  3:32  SCV  
  38  3:33  SCV  
  40  3:35  Supply Depot  
  40  3:36  Marine  
  40  3:38  Marine  
  42  3:43  Marine  
  42  3:44  SCV  
  42  3:45  SCV  
  46  3:50  Starport  
  46  3:52  Factory Reactor  
  45  3:56  SCV  
  45  3:58  Supply Depot  
  45  3:59  SCV  
  45  4:02  Supply Depot, Marine  
  48  4:04  Marine  
  48  4:07  Marine x2  
  48  4:09  SCV  
  52  4:16  SCV  
  53  4:20  Marine  
  53  4:22  Supply Depot, Marine  
  54  4:24  Marine  
  54  4:25  SCV, Marine  
  57  4:34  Medivac x2  
  57  4:37  SCV, Marine  
  63  4:40  Marine  
  63  4:42  SCV, Marine  
  66  4:47  Marine  
  66  4:49  SCV  
  68  4:55  Supply Depot, Marine  
  68  4:57  SCV  
  68  4:58  Marine  
  71  5:00  Marine  
  71  5:03  SCV  
  71  5:05  Marine  
  71  5:06  Command Center  
  74  5:13  SCV, Marine  
  76  5:15  Factory Tech Lab, Marine  
  76  5:16  SCV  
  76  5:18  Refinery x2  
  79  5:22  Combat Shields  
  79  5:23  Barracks Tech Lab, Marine  
  79  5:27  SCV  
  79  5:28  SCV  
  81  5:31  Marine  
  81  5:33  Marine  
  81  5:35  Siege Tank  
  85  5:47  Medivac  
  85  5:49  Marine  
  84  5:50  Marauder  
  84  5:52  Marine  
  84  5:53  Marauder  
  74  6:06  Marine  
  74  6:09  Marine  
  74  6:11  Marine  
  76  6:14  Supply Depot, Marauder  
  79  6:21  Siege Tank  
  79  6:22  Medivac  
  79  6:24  SCV, Marine  
  79  6:25  SCV  
  87  6:27  Marine  
  87  6:29  Marauder  
  90  6:35  Marine  
  90  6:36  SCV  
  92  6:42  Marine  
  89  6:48  Marine  
  89  6:49  SCV  
  89  6:51  Marauder  
  92  6:56  Barracks  
  92  6:57  Barracks, Orbital Command  
  92  6:58  Marine  
  92  7:01  Marine  
  90  7:10  Marine  
  90  7:11  SCV  
  90  7:12  SCV, Marauder  
  94  7:16  Marine  
  94  7:22  Engineering Bay  
  95  7:24  Marine  
  95  7:25  Engineering Bay  
  95  7:26  SCV  
  95  7:29  SCV x2  
  99  7:33  Marine  
  99  7:39  SCV  
  99  7:41  Marauder, SCV, Medivac, Marine  
  106  7:45  Barracks Tech Lab  
  106  7:50  Supply Depot  
  106  7:57  Terran Infantry Weapons Level 1, Terran Infantry Armor Level 1  
  106  7:59  Siege Tank  
  106  8:01  Barracks Tech Lab  
  109  8:10  Supply Depot  
  109  8:11  Marine x2  
  109  8:12  Marauder  
  113  8:13  Marine  
  113  8:14  Marauder  
  116  8:28  SCV  
  116  8:31  Armory  
  116  8:32  Marauder, SCV, Medivac, Marine x2  
  124  8:35  Supply Depot  
  122  8:43  Marine  
  122  8:44  Marauder  
  125  8:56  Medivac, Marine x3  
  125  8:57  Marauder  
  125  8:59  Orbital Command  
  125  9:01  Marine  
  125  9:06  Marauder  
  125  9:07  SCV  
  128  9:12  Concussive Shells  
  128  9:13  SCV  
  128  9:14  Marine x3  
  132  9:24  Terran Vehicle Weapons Level 1  
  132  9:28  SCV, Supply Depot  
  132  9:29  Supply Depot  
  133  9:33  Supply Depot  
  133  9:38  Marine  
  133  9:39  Marine x2  
  133  9:41  Marauder  
  133  9:42  Marauder  
  133  9:49  Medivac x2  
  133  9:50  Marauder  
  139  9:53  SCV  
  139  9:55  Supply Depot, Marine  
  139  9:56  Supply Depot, Marine  
  139  9:57  Supply Depot, Marine  
  143  10:02  Marine, Terran Infantry Weapons Level 2, Marauder  
  145  10:11  Marine  
  144  10:17  Marine  
  144  10:18  Marauder  
  144  10:19  Medivac, Marine  
  144  10:20  SCV  
  144  10:21  Marauder  
  153  10:23  Marine  
  150  10:28  Marine  
  150  10:30  Refinery  
  150  10:34  Refinery  
  150  10:35  Marine  
  150  10:37  Marine  
  150  10:39  Marauder  
  150  10:41  Marine  
  128  10:53  Marauder, Marine  
  128  10:56  Marine  
  101  10:59  Marauder  
  101  11:03  Marine  
  97  11:04  Marauder  
  97  11:07  SCV x2  
  97  11:08  SCV  
  97  11:10  Marine  
  100  11:16  Marine x2  
  101  11:19  SCV x2  
  101  11:20  SCV  
  101  11:22  Siege Tank  
  107  11:26  Marine x2  
  107  11:31  SCV, Marauder  
  101  11:42  Marauder, Marine  
  101  11:43  Medivac  
  101  11:44  Medivac  
  101  11:45  Marauder, Marine  
  101  11:46  SCV  
  108  11:47  SCV  
  108  11:51  Terran Infantry Armor Level 2  
  108  11:53  SCV  
  110  11:58  SCV, Marauder, Marine  
  114  12:03  Marine x2  
  114  12:05  Siege Tank  
  119  12:09  Marine x2  
  119  12:14  SCV  
  119  12:15  SCV  
  123  12:16  Marine  
  123  12:19  Marine  
  123  12:21  Marine x2  
  127  12:27  Marauder, Marine  
  130  12:34  Marine  
  131  12:37  Marine  
  131  12:38  Siege Tank  
  131  12:39  Marine x2  
  125  12:45  Marauder  
  125  12:47  SCV  
  125  12:48  Marine  
  129  12:51  Marine  
  129  12:55  Marauder  
  129  12:57  Marine x2  
  129  12:58  Command Center  
  134  13:06  Marine x2  
  134  13:09  Marine  
  137  13:15  Marine x2  
  137  13:16  Marine  
  132  13:23  Marine  
  132  13:24  Marine  
  134  13:27  Marine  
  134  13:32  Marine x2  
  140  13:34  Siege Tank, Marine  
  140  13:40  Supply Depot  
  141  13:46  Marauder, Marine  
  141  13:47  Marauder  
  146  13:50  Marine x2  
  146  13:52  Marauder, Medivac  
  144  14:04  Marine  
  144  14:07  Marine  
  117  14:25  Marine, Orbital Command  
  117  14:26  Marauder  
  117  14:29  Marine  
  117  14:30  Marauder  
  91  14:32  Marauder  
Tags
 
Add a new tag
Caveats
  • Supply blocks, unpowered buildings, or Contaminate may cause inaccurate times.
  • Supply counts are checked every 10 seconds.